 Dungeon Crawl Stone Soup version 0.31-a0-117-g42d8f58691 (webtiles) character file.

Game seed: 8871820975652109467

1711 holysushi the Carver (level 9, -4/70 HPs)
             Began as a Meteoran Monk on May 31, 2023.
             Was a Believer of Qazlal.
             Slain by an orc warrior
             ... wielding a +0 dire flail
              (16 damage)
             ... on level 7 of the Dungeon.
             The game lasted 00:09:11 (1680 turns).

holysushi the Carver (Meteoran Monk)                Turns: 1680, Time: 00:09:12

Health: -4/70      AC:  3    Str: 12    XL:     9   Next: 48%
Magic:  10/13      EV: 17    Int: 13    God:    Qazlal [**....]
Gold:   154        SH:  8    Dex: 21    Spells: 6/8 levels left

rFire   . . .        p - +5 short sword
rCold   . . .        d - orb {light}
rNeg    . . .        o - +0 robe
rPois   .            j - +0 helmet
rElec   .            (no cloak)
rCorr   .            (no gloves)
SInv    .            (no boots)
Will    +....        k - amulet of reflection
Stlth   +            (no ring)
HPRegen 0.31/turn    (no ring)
MPRegen 0.13/turn

%: reflection
@: glowing, studying Dodging
A: sense surroundings 2, otherworldly, glowing, explore regen
a: Renounce Religion, Upheaval


You were on level 7 of the Dungeon.
You worshipped Qazlal.
Qazlal was pleased with you.
You visited 1 branch of the dungeon, and saw 7 of its levels.

You collected 154 gold pieces.

Inventory:

Hand Weapons
 a - a +0 long sword
 b - a +0 orcbow
 n - a +0 falchion
 p - a +5 short sword (weapon)
Armour
 d - an orb of light (worn)
 j - a +0 helmet (worn)
 o - a +0 robe (worn)
Jewellery
 g - the amulet "Gujufux" {RegenMP Str+2 Int+6 Stlth+}
   (You acquired it on level 1 of the Dungeon)

   [amulet of magic regeneration]

   It increases your rate of magic regeneration.
   Str:       It affects your strength (+2).
   Int:       It affects your intelligence (+6).
   Stlth:     It makes you more stealthy.
 k - an amulet of reflection (around neck)
Scrolls
 h - 3 scrolls of teleportation
 q - a scroll of magic mapping {unknown}
Potions
 c - a potion of ambrosia
 f - a potion of lignification {unknown}
 i - 2 potions of might {unknown}
 l - a potion of attraction {unknown}
 m - a potion of haste


   Skills:
 - Level 3.2 Fighting
 + Level 12.5 Long Blades
 - Level 7.0 Dodging
 - Level 4.0 Invocations


You had 6 spell levels left.
You knew the following spells:

 Your Spells              Type           Power      Damage    Failure   Level
b - Blink                 Tloc           0%         N/A       43%         2

Your spell library contained the following spells:

 Spells                   Type           Power      Damage    Failure   Level
 Lesser Beckoning         Tloc           0%         N/A       43%         2
 Momentum Strike          Conj/Tloc      0%         3d8       43%         2


Dungeon Overview and Level Annotations

Branches:
Dungeon (7/15) Zot: 2582
 Temple: D:4-7

Altars:
Qazlal
Zin


Innate Abilities, Weirdness & Mutations

You passively map the area around you.
You are easily found by Zot.
You glow in the dark.
You regain HP and MP as you explore.


Message History

There is a stone staircase leading up here.
Items here: ))) [ ††.
You hear a shout!
You hear a shout! x2
An orc warrior and an orc priest come into view.
The yak bellows!
The orc warrior shouts!
The orc priest shouts!
You hear an angry hiss.
A steam dragon comes into view.
An orc comes into view. It is wielding a +0 dagger.
The orc shouts!
An orc priest comes into view. It is wielding a +0 whip.
Found a ruby potion.
Found a stone staircase leading up.
The orc priest shouts!
A yak comes into view.
The yak bellows!
The orc warrior attacks as you move away!
You block the orc warrior's attack.
The orc priest looks satisfied for a moment.
Items here: ))) [ ††.
Aiming: Upheaval
Press: ? - help, Dir - move target, f - orc priest
Aim: an orc priest, wielding a +0 whip and wearing a +0 leather armour (haloed)
The ground shakes violently, spewing rubble!
The blast of rubble hits the orc priest.
The orc priest is moderately wounded.
You hear a bellow!
The orc warrior hits you with a +0 dire flail!
* * * LOW HITPOINT WARNING * * *
The orc warrior attacks as you move away!
The orc warrior barely misses you.
There is a stone staircase leading up here.
The orc priest invokes the aid of Beogh against you.
Beogh smites you!
* * * LOW HITPOINT WARNING * * *
The yak attacks as you move away! You block the yak's attack.
The orc warrior attacks as you move away!
The orc warrior completely misses you.
You feel better.
The orc warrior hits you with a +0 dire flail!
You die...

* * *#...........#.#
,* ,, *
#...###.#####o# *
$### ##.## #.#####.#
,.... #.#
#.....D.####, .###
#.########).....# ,
, ##.........o####D#
** #.........Y## ,
... * * #..#.##.##o#
..o.., *#....##.##@#
, *<##.##,
#.#.[.##.##.# !.,.#
##.##.##.##.# .# ,#
#.##.##.##.##.#... ,
#.................
,, *
######.###.....##.#.
#.......##.....# ,
** #.####..##.....#*
* * ###..##.....# ,*


You could see a yak, a steam dragon, an orc warrior and an orc priest.

Vanquished Creatures
  Grinder (D:3)
  A yak (D:7)
  A water moccasin (D:5)
  2 ice beasts (D:7)
  2 centaurs (D:6)
  A phantom (D:6)
  2 kobold brigands (D:6)
  3 scorpions
  3 wights (D:6)
  A howler monkey (D:4)
  2 hounds
  A jelly (D:7)
  2 orc priests (D:7)
  Natasha (D:3)
  2 orc wizards
  2 adders
  A shadow imp (D:6)
  4 white imps
  A worm (D:4)
  A dart slug (D:1)
  8 orcs
  5 ball pythons
  6 endoplasms
  7 goblins
  3 hobgoblins
  6 jackals
  10 kobolds
  3 quokkas
  3 bats
  3 frilled lizards
  5 rats
93 creatures vanquished.

Notes
Turn   | Place    | Note
-------+----------+-------------------------------------------
     0 | D:1      | holysushi the Meteoran Monk began the quest for the Orb.
     0 | D:1      | Reached XP level 1. HP: 19/19 MP: 2/2
    56 | D:1      | Identified a scroll of acquirement
    56 | D:1      | Acquired the amulet "Gujufux" {RegenMP Str+2 Int+6 Stlth+}
    86 | D:1      | Reached skill level 4 in Long Blades
    86 | D:1      | Reached XP level 2. HP: 26/26 MP: 3/3
   177 | D:1      | Reached XP level 3. HP: 27/31 MP: 4/4
   224 | D:1      | Reached skill level 5 in Long Blades
   282 | D:2      | Learned a level 2 spell: Blink
   355 | D:2      | Reached XP level 4. HP: 11/38 MP: 5/5
   430 | D:2      | Reached skill level 6 in Long Blades
   572 | D:3      | Noticed Natasha
   577 | D:3      | Killed Natasha
   578 | D:3      | Reached XP level 5. HP: 45/45 MP: 6/6
   612 | D:4      | Reached skill level 7 in Long Blades
   615 | D:5      | Entered Level 5 of the Dungeon
   692 | D:3      | Noticed Grinder
   715 | D:3      | Paralysed by Grinder for 4 turns
   730 | D:3      | Killed Grinder
   731 | D:3      | Reached skill level 8 in Long Blades
   731 | D:3      | Reached XP level 6. HP: 20/51 MP: 7/7
   731 | D:3      | Reached XP level 7. HP: 23/57 MP: 8/8
   795 | D:4      | Found a stormy altar of Qazlal.
   798 | D:4      | Became a worshipper of Qazlal Stormbringer
   798 | D:4      | Reached * piety under Qazlal
   798 | D:4      | Reached ** piety under Qazlal
   940 | D:5      | Reached skill level 9 in Long Blades
   940 | D:5      | Reached skill level 1 in Invocations
   962 | D:5      | Noticed a water moccasin
   976 | D:5      | Killed a water moccasin
  1129 | D:5      | Reached XP level 8. HP: 61/63 MP: 11/11
  1158 | D:6      | Found a glowing silver altar of Zin.
  1206 | D:6      | Reached skill level 10 in Long Blades
  1305 | D:6      | Reached skill level 11 in Long Blades
  1455 | D:6      | Gained mutation: You passively map the area around you.
                  | [Meteoran growth]
  1455 | D:6      | Reached XP level 9. HP: 29/70 MP: 13/13
  1470 | D:6      | Reached skill level 5 in Dodging
  1654 | D:7      | Reached skill level 12 in Long Blades
  1678 | D:7      | HP: 2/70 [orc priest/divine providence (17)]
  1680 | D:7      | Slain by an orc warrior

Illustrated notes

Levels and vault maps discovered:
D:1:      wander_arrival_desolate, layout_basic, fountainhead
D:2:      layout_basic
D:3:      layout_basic, uniq_sigmund, uniq_grinder, uniq_natasha
D:4:      layout_cave_pods, kennysheep_mini, kennysheep_path_1
D:5:      layout_basic, nicolae_nh_ransacked_shop
D:6:      layout_basic, lemuel_crystal_altar, minmay_temple_entry_proselytizer,
          minmay_manual_monolith
D:7:      layout_loops_cross

Skill      XL: |  1  2  3  4  5  6  7  8  9 |
---------------+----------------------------+-----
Long Blades    | 4 5 6 8 9 11 12 | 12.5
Invocations    | 3 4 |  4.0
Dodging        | 4 7 |  7.0
Fighting       | |  3.2

Action                     |  1- 3 |  4- 6 |  7- 9 || total
---------------------------+-------+-------+-------++-------
  Melee: Falchion          |    71 |    58 |    37 ||   166
         Long sword        |       |       |    51 ||    51
         Short sword       |       |       |    97 ||    97
 Invoke: Upheaval          |       |       |     3 ||     3
    Use: Scroll            |     1 |       |     5 ||     6
         Potion            |       |     1 |     2 ||     3
 Armour: Robe              |    20 |    14 |    16 ||    50
  Dodge: Dodged            |    39 |    33 |    87 ||   159
  Block: Orb               |       |       |    50 ||    50
         Reflection        |       |       |     1 ||     1

Table legend: (Time is in decaauts)
 A = Elapsed time spent in this place.
 B = Non-inter-level travel time spent in this place.
 C = Inter-level travel time spent in this place.
 D = Time resting spent in this place.
 E = Time spent auto-exploring this place.
 F = Levels seen in this place.
 G = Mean time per level.
                   A        B        C        D        E       F      G
               +--------+--------+--------+--------+--------+-----+--------+
         Total |   1616 |   1616 |      0 |      0 |      0 |   7 |  230.9 |
       Dungeon |   1616 |   1616 |      0 |      0 |      0 |   7 |  230.9 |
               +--------+--------+--------+--------+--------+-----+--------+

Top non-repeatable levels by time:
     D:6: 330 daAuts
     D:3: 257 daAuts
     D:2: 238 daAuts
     D:1: 235 daAuts
     D:5: 222 daAuts
     D:4: 183 daAuts
     D:7: 148 daAuts
